 Dungeon Crawl Stone Soup version 0.29-a0-550-g81e455f4c2 (webtiles) character file.

Game seed: 5220354370116861065

786 Lekart the Ruffian (level 7, -3/52 HPs)
             Began as a Yellow Draconian Transmuter on June 5, 2022.
             Slain by a gnoll
             ... wielding a +0 whip
              (6 damage)
             ... on level 5 of the Dungeon.
             The game lasted 00:08:39 (4402 turns).

Lekart the Ruffian (Yellow Draconian Transmuter)    Turns: 4402, Time: 00:08:40

Health: -3/52      AC:  2    Str: 13    XL:     7   Next: 56%
Magic:  10/12      EV: 20    Int: 15    God:
Gold:   286        SH:  0    Dex: 16    Spells: 8/13 levels left

rFire   + . .      SeeInvis .     - Unarmed
rCold   . . .      Faith    .   (shield currently unavailable)
rNeg    . . .      Spirit   .   (body armour unavailable)
rPois   x          Reflect  .   (helmet currently unavailable)
rElec   .          Harm     .   (cloak currently unavailable)
rCorr   .          Rampage  .   (gloves currently unavailable)
Will    +....                   (boots currently unavailable)
Stlth   ++........              (no amulet)
HPRegen 0.17/turn               b - ring of willpower
MPRegen 0.13/turn               f - ring of protection from fire

@: short of breath, spider-form
A: venomous fangs, (spit acid), AC +6, tiny, unfitting armour, (cold-blooded),
(acid resistance)
a: End Transformation


You were on level 5 of the Dungeon.
You were a venomous arachnid creature.
You visited 1 branch of the dungeon, and saw 5 of its levels.

You collected 286 gold pieces.

Inventory:

Armour
 d - a +2 hat (melded)
Jewellery
 b - a ring of willpower (left front leg)
 f - a ring of protection from fire (right front leg)
 s - a ring of protection from fire
Wands
 a - a wand of polymorph (15)
 r - a wand of mindburst (3)
Scrolls
 g - 3 scrolls of amnesia
 j - 4 scrolls of identify
 k - 3 scrolls of fear {unknown}
 n - a scroll of silence {unknown}
 o - a scroll of fog {unknown}
 q - a scroll of poison {unknown}
Potions
 c - 2 potions of flight
 e - a potion of ambrosia {unknown}
 h - a potion of mutation {unknown}
 i - a potion of cancellation {unknown}
 l - a potion of invisibility {unknown}
 m - a potion of heal wounds {unknown}
 p - a potion of curing {unknown}


   Skills:
 + Level 1.6 Fighting
 + Level 3.2 Dodging
 + Level 1.2 Stealth
 + Level 6.0 Unarmed Combat
 + Level 3.8 Spellcasting
 + Level 3.8 Transmutations
 + Level 1.9 Poison Magic


You had 8 spell levels left.
You knew the following spells:

 Your Spells              Type           Power      Damage    Failure   Level
a - Spider Form           Tmut/Pois      11%        N/A       36%         3
b - Wereblood             Tmut           14%        N/A       17%         2

Your spell library contained the following spells:

 Spells                   Type           Power      Damage    Failure   Level
 Beastly Appendage        Tmut           28%        N/A       12%         1
 Static Discharge         Conj/Air       2%         N/A       50%         2
 Call Canine Familiar     Summ           2%         N/A       71%         3
 Dazzling Flash           Conj/Hex       4%         N/A       71%         3
 Portal Projectile        Hex/Tloc       4%         N/A       71%         3
 Tukima's Dance           Hex            2%         N/A       71%         3
 Ice Form                 Ice/Tmut       8%         N/A       82%         4
 Blade Hands              Tmut           7%         N/A       87%         5
 Leda's Liquefaction      Hex/Erth       1%         N/A       96%         4
 Agony                    Necr           2%         N/A       100%        5
 Lightning Bolt           Conj/Air       1%         1d12      100%        5
 Silence                  Hex/Air        1%         N/A       100%        5
 Maxwell's Capacitive Co  Air            1%         ∞         100%        8


Dungeon Overview and Level Annotations

Branches:
Dungeon (5/15)
 Temple: D:4-7

Altars:
Fedhas
Kikubaaqudgha


Innate Abilities, Weirdness & Mutations

You are a venomous arachnid creature.
You have poisonous fangs.
You are tiny and dextrous.
Your spellcasting is less reliable in this form.
Your armour is entirely melded.
You are incapable of wielding weapons or throwing items.
((You can spit globs of acid.))
((Your golden yellow scales are hard. (AC +6)))
You cannot fit into any form of body armour.
((You are cold-blooded and may be slowed by cold attacks.))
((You are resistant to acid. (rCorr)))


Message History

The water moccasin's mind is blasted!
You blow up the water moccasin!
A gnoll comes into view. It is wielding a +0 whip.
The gnoll barely misses you. x2
The gnoll hits you from afar with a +0 spear.
Your Unarmed Combat skill increases to level 6!
There is a stone staircase leading down here.
You can't do that yet.
Unknown command.
You have got your breath back.
Press: ? - help, Shift-Dir - straight line, f - gnoll
Aim: a gnoll, wielding a +0 spear (69% to hit)
You spit a glob of acid.
The glob of acid misses the gnoll.
The glob of acid hits the gnoll!
The acid corrodes the gnoll!
The acid splashes onto the gnoll!
The gnoll is splashed with acid!
The acid corrodes the gnoll!
The acid splashes onto the gnoll!
The gnoll is splashed with acid.
You kill the gnoll!
The gnoll hits you from afar with a +0 spear.
The gnoll barely misses you. The gnoll barely misses you.
Casting: Spider Form (dangerous; 17% risk of failure)
Confirm with . or Enter, or press ? or * to list all spells.
You turn into a venomous arachnid creature.
Your +2 hat melds into your body.
The gnoll completely misses you.
The gnoll hits you from afar with a +0 spear.
The gnoll completely misses you.
You barely miss the gnoll. The gnoll hits you with a +0 whip!
* * * LOW HITPOINT WARNING * * *
The gnoll hits you from afar with a +0 spear.
* * * LOW HITPOINT WARNING * * *
The gnoll barely misses you. The gnoll attacks as you move away!
The gnoll hits you with a +0 whip.
* * * LOW HITPOINT WARNING * * *
Okay, then.
Okay, then.
The gnoll attacks as you move away! The gnoll hits you with a +0 whip.
* * * LOW HITPOINT WARNING * * *
The gnoll attacks as you move away! The gnoll hits you with a +0 whip.
You die...

..######.#####...#####...### #.
.............+...+.#.......#.# #.
.........###.#####.#'#...#+#.# #.
.........# #...#.....#...#... #.
.........# ###.#.....##+##.#####.
......#### #.#.....#.........#.
........######.###.#'#.#.......#.
.................+.#...........#.
.......#####.gggs###...........##
.......# #...................#
.......# #...####......#.....#
.......# #...# ###....#.#####
.......# #...# #....#..# .......#
#...# #....##.## ## ########
#...# #....##..###. #...#
#....###.#... #...# #....# #...##


You could see 3 gnolls.

Vanquished Creatures
  Grinder (D:3)
  2 water moccasins (D:5)
  A phantom (D:4)
  A scorpion (D:5)
  A hound (D:5)
  An iguana (D:5)
  Jessica (D:3)
  2 gnolls
  7 adders
  5 dart slugs
  4 orcs (D:3)
  3 bats
  9 endoplasms
  2 giant cockroaches
  5 goblins
  9 hobgoblins
  4 jackals (D:4)
  3 kobolds
  4 quokkas
  4 ball pythons
  3 frilled lizards (D:1)
  3 rats
75 creatures vanquished.

Notes
Turn   | Place    | Note
-------+----------+-------------------------------------------
     0 | D:1      | Lekart the Draconian Transmuter began the quest for the
                  | Orb.
     0 | D:1      | Reached XP level 1. HP: 16/16 MP: 3/3
   161 | D:1      | Reached XP level 2. HP: 20/23 MP: 3/5
   516 | D:1      | Reached XP level 3. HP: 25/28 MP: 6/6
   588 | D:1      | Learned a level 2 spell: Wereblood
  1096 | D:2      | Found a faded altar of an unknown god.
  1492 | D:2      | Learned a level 3 spell: Spider Form
  1588 | D:3      | Noticed Grinder
  1609 | D:3      | Reached XP level 4. HP: 35/35 MP: 7/7
  1610 | D:3      | Killed Grinder
  1611 | D:3      | Reached skill level 4 in Unarmed Combat
  1611 | D:3      | Reached XP level 5. HP: 40/40 MP: 7/9
  1613 | D:3      | Noticed Jessica
  1621 | D:3      | Killed Jessica
  1622 | D:3      | Reached XP level 6. HP: 47/47 MP: 8/10
  2579 | D:4      | Found a blossoming altar of Fedhas.
  2582 | D:4      | Found an ancient bone altar of Kikubaaqudgha.
  2727 | D:4      | Reached skill level 5 in Unarmed Combat
  3304 | D:5      | Entered Level 5 of the Dungeon
  3308 | D:5      | Noticed a water moccasin
  3323 | D:5      | Killed a water moccasin
  3324 | D:5      | Reached skill level 1 in Stealth
  3324 | D:5      | Reached skill level 1 in Poison Magic
  3324 | D:5      | Your scales start taking on a golden yellow colour.
  3324 | D:5      | Reached XP level 7. HP: 18/52 MP: 6/12
  3324 | D:5      | Gained mutation: You are resistant to acid. (rCorr) [Yellow
                  | Draconian growth]
  4359 | D:5      | Reached skill level 6 in Unarmed Combat
  4393 | D:5      | HP: 2/52 [gnoll/+0 whip (6)]
  4402 | D:5      | Slain by a gnoll

Illustrated notes

Levels and vault maps discovered:
D:1:      lemuel_arrival_river_bridge, layout_basic
D:2:      layout_rooms, dreamdust_ecumenical_altar_grove
D:3:      layout_loops_ring, uniq_jessica, uniq_grinder
D:4:      layout_cave_pools, grunt_temple_overflow_growth_and_decay,
          minmay_misc_feat_hallway
D:5:      nicolae_cairo_tiling_large, layout_basic, minmay_misc_feat_tower,
          uniq_blork_the_orc

Skill      XL: |  1  2  3  4  5  6  7 |
---------------+----------------------+-----
Dodging        | 2 3 |  3.2
Unarmed Combat | 4 5 6 |  6.0
Spellcasting   | 3 |  3.8
Transmutations | 3 |  3.8
Stealth        | 1 |  1.2
Poison Magic   | 1 |  1.9
Fighting       | |  1.6

Action                   |  1- 3 |  4- 6 |  7- 9 || total
-------------------------+-------+-------+-------++-------
Melee: Unarmed           |   122 |    79 |    46 ||   247
       Kick              |     5 |       |       ||     5
       Headbutt          |     4 |       |       ||     4
       Tailslap          |     7 |     2 |     5 ||    14
       Punch             |     4 |     2 |       ||     6
 Cast: Beastly Appendage |    12 |       |       ||    12
       Wereblood         |     4 |       |       ||     4
       Spider Form       |     1 |    12 |     7 ||    20
 Abil: Breathe Acid      |       |       |     3 ||     3
Evoke: Wand              |       |       |     1 ||     1
  Use: Scroll            |     3 |       |       ||     3
       Potion            |     2 |       |       ||     2
 Stab: Sleeping          |     1 |       |       ||     1
Armor: Skin              |    47 |    25 |    12 ||    84
Dodge: Dodged            |    90 |    57 |    37 ||   184

Table legend: (Time is in decaauts)
 A = Elapsed time spent in this place.
 B = Non-inter-level travel time spent in this place.
 C = Inter-level travel time spent in this place.
 D = Time resting spent in this place.
 E = Time spent auto-exploring this place.
 F = Levels seen in this place.
 G = Mean time per level.
                   A        B        C        D        E       F      G
               +--------+--------+--------+--------+--------+-----+--------+
         Total |   4387 |   4308 |     79 |    446 |   3237 |   5 |  877.4 |
       Dungeon |   4387 |   4308 |     79 |    446 |   3237 |   5 |  877.4 |
               +--------+--------+--------+--------+--------+-----+--------+

Top non-repeatable levels by time:
     D:5: 1091 daAuts
     D:1: 1021 daAuts
     D:4: 935 daAuts
     D:3: 780 daAuts
     D:2: 557 daAuts
